Map: Prion Terraces

Players

Shura (Scarlett) - Winner!

  • Race: Zerg Zerg
  • League: Grandmaster

Harstem

  • Race: Protoss Protoss

Event: Harstem vs Scarlett (matcherino)

VOD

https://www.youtube.com/watch?v=c5vfT7nTS4s

Description

Time

  • Played on: Nov. 23, 2015, 11:45 a.m.
  • Length: 8:09

All games in this series

Show
View Real Time Build Order
Export as new Build Order

Shura Zerg - Winner!

Build Orders: Hatch First 

Get SALT Encoding   

  12  0:00  Drone  
  13  0:14  Overlord  
  13  0:18  Drone  
  14  0:32  Drone  
  14  0:33  Drone  
  16  0:36  Drone  
  17  0:47  Drone  
  18  0:57  Drone  
  19  1:05  Hatchery  
  19  1:09  Drone  
  19  1:15  Spawning Pool  
  18  1:19  Drone  
  18  1:23  Extractor  
  18  1:30  Drone  
  19  1:40  Overlord  
  19  1:52  Drone  
  20  2:05  Queen  
  20  2:06  Zergling x2  
  23  2:15  Drone  
  24  2:16  Queen  
  24  2:17  Drone  
  27  2:23  Overlord  
  27  2:26  Metabolic Boost  
  27  2:32  Drone  
  29  2:37  Zergling x2  
  29  2:42  Hatchery  
  29  2:43  Queen  
  30  2:48  Drone x2  
  30  2:51  Drone  
  33  2:57  Queen  
  35  3:00  Drone  
  35  3:04  Drone  
  37  3:11  Drone  
  37  3:12  Drone  
  38  3:15  Drone x2  
  38  3:16  Drone  
  41  3:25  Drone x3, Overlord  
  41  3:27  Extractor  
  43  3:32  Drone  
  44  3:43  Overlord  
  44  3:45  Lair, Drone x2, Extractor  
  45  3:53  Overlord, Drone x3  
  48  4:06  Roach Warren, Zergling x2  
  48  4:07  Zergling x8  
  52  4:11  Queen  
  52  4:12  Overlord  
  52  4:14  Zergling x6  
  57  4:18  Overlord  
  57  4:39  Drone x8  
  66  4:45  Hydralisk Den  
  66  4:46  Extractor  
  66  4:50  Drone x6  
  70  4:58  Drone  
  71  5:05  Drone  
  72  5:09  Overlord  
  72  5:13  Drone  
  72  5:14  Drone x5  
  78  5:16  Extractor  
  78  5:19  Extractor  
  75  5:22  Drone  
  75  5:23  Drone x4, Spire  
  75  5:24  Drone  
  75  5:25  Muscular Augments  
  80  5:30  Hydralisk  
  80  5:31  Evolution Chamber, Hydralisk  
  80  5:32  Overlord  
  80  5:33  Hatchery  
  82  5:43  Hydralisk  
  82  5:44  Hydralisk x4  
  82  5:47  Hydralisk  
  94  5:51  Hydralisk x2  
  94  5:56  Drone x2  
  100  6:05  Hydralisk  
  100  6:08  Zerg Melee Weapons Level 1  
  100  6:15  Queen  
  100  6:21  Overlord x5  
  100  6:24  Drone x6  
  106  6:35  Overlord x3  
  106  6:40  Mutalisk  
  106  6:41  Mutalisk x4  
  106  6:45  Extractor  
  106  6:46  Mutalisk x2, Extractor  
  118  6:56  Drone x3  
  118  6:58  Drone x2  
  118  6:59  Hatchery, Drone  
  122  7:13  Mutalisk x4  
  130  7:19  Mutalisk  
  132  7:25  Mutalisk  
  132  7:27  Overlord x2  
  132  7:28  Overlord  
  134  7:34  Mutalisk x2  
  134  7:36  Zergling x14  
Show
View Real Time Build Order
Export as new Build Order

Harstem Protoss 

Build Orders: 1 Gate Expand 

Get SALT Encoding   

  12  0:01  Probe (Chrono Boost)  
  13  0:11  Probe (Chrono Boost)  
  14  0:19  Pylon  
  14  0:22  Probe (Chrono Boost)  
  15  0:37  Probe (Chrono Boost)  
  15  0:38  Gateway  
  16  0:47  Probe (Chrono Boost)  
  17  0:53  Assimilator  
  17  0:58  Probe (Chrono Boost)  
  18  1:08  Probe (Chrono Boost)  
  19  1:19  Nexus  
  19  1:23  Probe (Chrono Boost)  
  20  1:32  Cybernetics Core  
  20  1:35  Probe (Chrono Boost)  
  21  1:40  Assimilator  
  21  1:45  Probe (Chrono Boost)  
  22  1:52  Pylon  
  22  1:56  Probe (Chrono Boost)  
  23  2:09  Warp Gate  
  23  2:10  Probe  
  23  2:11  Adept (Chrono Boost)  
  26  2:22  Probe  
  26  2:27  Robotics Facility  
  27  2:31  Probe (Chrono Boost)  
  27  2:35  Probe (Chrono Boost)  
  29  2:38  Sentry (Chrono Boost)  
  29  2:43  Probe (Chrono Boost)  
  32  2:46  Probe (Chrono Boost)  
  32  2:48  Pylon  
  33  2:53  Probe (Chrono Boost)  
  33  2:56  Probe (Chrono Boost)  
  35  3:04  Probe (Chrono Boost)  
  36  3:07  Probe (Chrono Boost)  
  36  3:13  Probe (Chrono Boost)  
  36  3:17  Probe (Chrono Boost)  
  36  3:18  Warp Prism (Chrono Boost)  
  40  3:23  Probe  
  41  3:29  Probe  
  41  3:33  Probe  
  42  3:35  Gateway  
  43  3:41  Probe (Chrono Boost)  
  43  3:42  Gateway  
  43  3:45  Probe (Chrono Boost)  
  45  3:53  Mothership Core (Chrono Boost), Immortal (Chrono Boost)  
  51  3:56  Probe (Chrono Boost)  
  51  3:57  Pylon  
  52  4:07  Probe (Chrono Boost)  
  53  4:13  Probe (Chrono Boost)  
  54  4:18  Nexus  
  54  4:22  Pylon  
  54  4:25  Probe (Chrono Boost), Pylon  
  54  4:29  Probe  
  56  4:37  Sentry x2  
  60  4:41  Immortal (Chrono Boost), Forge  
  60  4:43  Probe  
  60  4:44  Probe  
  66  4:46  Assimilator  
  66  4:49  Sentry  
  66  4:50  Assimilator  
  68  4:54  Probe  
  68  4:56  Probe  
  70  5:00  Gateway  
  70  5:02  Sentry, Adept  
  70  5:04  Pylon  
  70  5:05  Probe (Chrono Boost)  
  75  5:08  Probe (Chrono Boost)  
  76  5:17  Gateway  
  76  5:18  Gateway  
  76  5:19  Probe (Chrono Boost)  
  77  5:24  Protoss Ground Weapons Level 1 (Chrono Boost)  
  77  5:27  Adept x2  
  81  5:28  Probe (Chrono Boost)  
  81  5:32  Pylon  
  82  5:37  Probe (Chrono Boost)  
  82  5:38  Observer (Chrono Boost)  
  82  5:39  Photon Cannon  
  84  5:45  Probe  
  84  5:49  Probe x2  
  86  5:56  Probe  
  87  6:01  Probe  
  87  6:02  Probe, Adept x4  
  98  6:06  Probe  
  98  6:07  Stargate  
  98  6:09  Stargate  
  99  6:14  Probe x2, Pylon  
  99  6:17  Probe, Assimilator  
  93  6:21  Adept x2, Robotics Bay, Assimilator  
  98  6:26  Probe  
  98  6:30  Stalker x3, Probe  
  106  6:38  Pylon  
  106  6:44  Probe  
  107  6:53  Twilight Council  
  107  6:58  Nexus  
  106  7:02  Probe  
  106  7:03  Disruptor  
  106  7:06  Stalker x4  
  115  7:11  Pylon  
  115  7:13  Pylon  
  115  7:14  Adept, Pylon  
  115  7:15  Pylon  
  120  7:22  Probe  
  121  7:26  Gateway  
  121  7:28  Gateway, Adept  
  121  7:29  Adept x2  
  127  7:30  Gateway  
  127  7:33  Pylon  
  127  7:38  Probe  
  128  7:45  Stalker  
  128  7:46  Stalker x2  
  128  7:47  Phoenix (Chrono Boost)  

Tags
 
Add a new tag
Caveats
  • Supply blocks, unpowered buildings, or Contaminate may cause inaccurate times.
  • Supply counts are checked every 10 seconds.